 Dungeon Crawl Stone Soup version 0.22.1-2-g9c5b331 (webtiles) character file.

808 WarriorsX the Chopper (level 8, -1/96 HPs)
             Began as a Human Berserker on Dec 29, 2018.
             Was a Believer of Trog.
             Killed from afar by an orc wizard (9 damage)
             ... with a puff of flame
             ... on level 5 of the Dungeon.
             The game lasted 00:11:02 (5140 turns).

WarriorsX the Chopper (Human Berserker)             Turns: 5140, Time: 00:11:03

Health: -1/96      AC:  9    Str: 25    XL:     8   Next: 15%
Magic:  8/8        EV:  9    Int:  7    God:    Trog [**....]
Gold:   193        SH:  0    Dex: 13    Spells: 7/7 levels left

rFire    . . .     SeeInvis .   a - +0 hand axe
rCold    . . .     Gourm    .   (no shield)
rNeg     . . .     Faith    .   f - +0 chain mail
rPois    .         Spirit   .   (no helmet)
rElec    .         Reflect  .   (no cloak)
rCorr    .         Harm     .   (no gloves)
MR       .....     Rnd*Tele +   (no boots)
Stlth    ..........             (no amulet)
HPRegen  0.26/turn              s - ring of teleportation (curse)
MPRegen  0.11/turn              (no ring)

@: berserking, very quick
A: no striking features
a: Berserk, Trog's Hand, Renounce Religion


You were on level 5 of the Dungeon.
You worshipped Trog.
Trog was pleased with you.
You were hungry.

You visited 1 branch of the dungeon, and saw 5 of its levels.

You collected 193 gold pieces.

Inventory:

Hand Weapons
 a - a +0 hand axe (weapon)
 m - a +1 short sword of flaming
Armour
 f - a +0 chain mail (worn)
Jewellery
 s - a cursed ring of teleportation (left hand)
Wands
 h - a wand of enslavement (11)
Scrolls
 b - a scroll of fear
 d - a scroll of fog {unknown}
 e - 5 scrolls of identify {unknown}
 g - a scroll of immolation {unknown}
 j - 2 scrolls of remove curse {unknown}
 l - a scroll of teleportation {unknown}
 n - a scroll of blinking {unknown}
 p - a scroll of random uselessness {unknown}
 r - 2 scrolls of enchant weapon {unknown}
Potions
 q - a potion of magic
Comestibles
 c - 7 rations


   Skills:
 - Level 6.1 Fighting
 + Level 6.3 Axes
 - Level 4.0 Armour
 - Level 2.0 Dodging


You had 7 spell levels left.
You didn't know any spells.
Your spell library was empty.

Dungeon Overview and Level Annotations

Branches:
Dungeon (5/15)
 Temple: D:4-7

Altars:
Nemelex Xobeh
Qazlal
Ru


Message History

You are feeling hungry.
The orc wizard shouts!
The ogre hits you with a giant club.
* * * LOW HITPOINT WARNING * * *
You barely miss the ogre.
The ogre is heavily wounded.
You closely miss the orc wizard. The orc wizard casts a spell at you.
The puff of frost hits you!
You slice the ogre!!
You kill the ogre!
Trog accepts your kill.
Your Axes skill increases to level 6!
You miss the orc wizard. The orc wizard closely misses you.
Things that are here:
a giant club; an ogre corpse You barely miss the orc wizard.
You hit the orc. The orc wizard casts a spell at you.
The puff of flame hits you!
You die...

####
#...##.
##.......
#........
#..$.....
#@o......
##o.o....
#......
###..#
..# .#


You could see 2 orc wizards and an orc.

Vanquished Creatures
  2 phantoms
  2 ogres (D:5)
  A water moccasin skeleton (D:4)
  2 scorpions (D:4)
  A hound (D:4)
  A gnoll shaman (D:5)
  Terence (D:2)
  A worker ant (D:5)
  A hound zombie (D:2)
  4 gnolls
  7 adders
  2 oozes (D:2)
  3 worms
  7 dart slugs
  4 leopard geckos
  2 orcs
  2 giant cockroaches (D:3)
  7 goblins
  6 hobgoblins
  3 jackals (D:3)
  A quokka (D:2)
  7 bats
  3 frilled lizards
  6 kobolds
  A leopard gecko zombie (D:5)
  7 rats
84 creatures vanquished.

Notes
Turn   | Place    | Note
-------+----------+-------------------------------------------
     0 | D:1      | WarriorsX the Human Berserker began the quest for the Orb.
     0 | D:1      | Reached XP level 1. HP: 18/18 MP: 1/1
   174 | D:1      | Reached XP level 2. HP: 22/24 MP: 2/2
   524 | D:1      | Reached XP level 3. HP: 27/29 MP: 3/3
  1264 | D:2      | Reached XP level 4. HP: 31/37 MP: 4/4
  1615 | D:2      | Found a sacrificial altar of Ru.
  1683 | D:2      | Reached XP level 5. HP: 42/42 MP: 5/5
  1722 | D:2      | Found a sacrificial altar of Ru.
  1848 | D:2      | Reached ** piety under Trog
  1862 | D:2      | Noticed Terence
  1871 | D:2      | Killed Terence
  2228 | D:3      | Found a stormy altar of Qazlal.
  2236 | D:3      | Found a sparkling altar of Nemelex Xobeh.
  3473 | D:4      | Reached XP level 6. HP: 43/48 MP: 6/6
  3547 | D:4      | Reached skill level 5 in Fighting
  3613 | D:4      | Noticed a phantom
  3849 | D:4      | Reached XP level 7. HP: 25/56 MP: 7/7
  4343 | D:5      | Entered Level 5 of the Dungeon
  4547 | D:5      | HP: 1/87 [ogre/giant club (18)]
  4549 | D:5      | Reached skill level 5 in Axes
  4981 | D:5      | Reached XP level 8. HP: 15/64 MP: 8/8
  5140 | D:5      | Killed from afar by an orc wizard

Skill      XL: |  1  2  3  4  5  6  7  8 |
---------------+-------------------------+-----
Axes           | 4 5 6 |  6.3
Fighting       | 4 5 6 |  6.1
Armour         | 4 |  4.0
Dodging        | |  2.0

Action                   |  1- 3 |  4- 6 |  7- 9 || total
-------------------------+-------+-------+-------++-------
Melee: Hand axe          |   108 |   214 |   157 ||   479
Invok: Berserk           |     1 |     2 |     2 ||     5
       Trog's Hand       |       |     1 |     2 ||     3
  Use: Potion            |     4 |       |     3 ||     7
       Scroll            |     1 |       |     1 ||     2
  Eat: Chunk             |     2 |    10 |     3 ||    15
       Ration            |       |       |     1 ||     1
Armor: Animal skin       |     3 |       |       ||     3
       Ring mail         |    36 |    61 |       ||    97
       Chain mail        |       |     1 |    82 ||    83
Dodge: Dodged            |    68 |   123 |    50 ||   241
